 Dungeon Crawl Stone Soup version 0.22-a0-32-ga749362 (webtiles) character file.

871 tilp the Destroyer (level 7, -1/50 HPs)
             Began as a Red Draconian Conjurer on Jan 3, 2018.
             Slain by an ogre
             ... wielding a +0 giant club
              (16 damage)
             ... on level 6 of the Dungeon.
             The game lasted 00:13:06 (7096 turns).

tilp the Destroyer (Red Draconian Conjurer)         Turns: 7096, Time: 00:13:07

Health: -1/50      AC:  6    Str: 10    XL:     7   Next: 73%
Magic:  8/14       EV: 12    Int: 19    God:
Gold:   303        SH:  0    Dex: 12    Spells: 5/16 levels left

rFire    + . .     SeeInvis .   D - +2 dagger (elec)
rCold    . . .     Gourm    +   (no shield)
rNeg     . . .     Faith    .   (armour unavailable)
rPois    .         Spirit   .   (helmet restricted)
rElec    .         Reflect  .   (no cloak)
rCorr    .         Harm     .   (no gloves)
MR       .....                  (no boots)
Stlth    ++........             n - amulet of the gourmand (curse)
HPRegen  0.16/turn              k - +2 ring of intelligence
MPRegen  0.14/turn              (no ring)

@: short of breath
A: breathe fire, unfitting armour, fire resistance 1, cold-blooded, AC +6
a: Breathe Fire


You were on level 6 of the Dungeon.
You were completely stuffed.

You visited 1 branch of the dungeon, and saw 6 of its levels.

You collected 303 gold pieces.

Inventory:

Hand Weapons
 h - a +2 dagger of venom
 q - a +2 mace of protection
 u - a +0 mace of holy wrath
 D - a +2 dagger of electrocution (weapon)
Missiles
 f - 208 stones (quivered)
Jewellery
 k - a +2 ring of intelligence (left hand)
 l - an uncursed amulet of regeneration
 n - a cursed amulet of the gourmand (around neck)
Wands
 d - a wand of paralysis (12)
 v - a wand of digging (12)
Scrolls
 c - 3 scrolls of teleportation {unknown}
 e - 9 scrolls of remove curse
 g - a scroll of amnesia {unknown}
 i - a scroll of enchant weapon {unknown}
 j - 4 scrolls of fog
 m - a scroll of fear {unknown}
 p - a scroll of immolation {unknown}
 r - 2 scrolls of enchant armour {unknown}
 s - a scroll of random uselessness {unknown}
 y - a scroll of vulnerability {unknown}
 E - a scroll of torment {unknown}
Potions
 o - a potion of curing
 t - a potion of resistance
 w - a potion of berserk rage
 x - a potion of ambrosia
 z - 2 potions of flight
 A - 3 potions of heal wounds {unknown}
 B - 2 potions of mutation {unknown}
Books
 a - a book of Conjurations

   Spells                             Type                      Level
   a - Magic Dart                     Conjuration                  1
   b - Searing Ray                    Conjuration                  2
   c - Dazzling Spray                 Conjuration/Hexes            3
   d - Fulminant Prism                Conjuration/Hexes            4
   e - Force Lance                    Conjuration/Translocation    4
   f - Iskenderun's Mystic Blast      Conjuration                  4
 C - a book of Geomancy

   Spells                             Type                      Level
   a - Sandblast                      Earth                        1
   b - Passwall                       Transmutation/Earth          2
   c - Stone Arrow                    Conjuration/Earth            3
   d - Petrify                        Transmutation/Earth          4
   e - Lee's Rapid Deconstruction     Earth                        5
Comestibles
 b - 10 rations
 F - 5 chunks of flesh


   Skills:
 + Level 0.0 Fighting
 + Level 1.7 Dodging
 - Level 1.7 Stealth
 + Level 5.3 Spellcasting
 - Level 8.0 Conjurations


You had 5 spell levels left.
You knew the following spells:

 Your Spells              Type           Power        Failure   Level  Hunger
a - Magic Dart            Conj           ####         1%          1    None
b - Searing Ray           Conj           #####.       1%          2    None
c - Iskenderun's Mystic   Conj           #####...     4%          4    ####...
d - Fulminant Prism       Conj/Hex       ###.......   22%         4    ####...


Dungeon Overview and Level Annotations

Branches:
Dungeon (6/15)
 Temple: D:4-7

Altars:

Annotations:
D:1 potions behind translucent rock
D:3 braks's ghost, weakling CeEn


Innate Abilities, Weirdness & Mutations

You can breathe blasts of fire.
Your fiery red scales are hard. (AC +6)
You cannot fit into any form of body armour.
Your flesh is heat resistant. (rF+)
You are cold-blooded and may be slowed by cold attacks.


Message History

The searing ray hits the sky beast.
The sky beast is severely wounded. (Press . to maintain the ray.)
The sky beast hits you. The sky beast shocks you.
* * * LOW HITPOINT WARNING * * *
The searing ray hits the sky beast.
The sky beast is almost dead.
The sky beast closely misses you.
The searing ray hits the sky beast.
You kill the sky beast!
Training target 5.0 for Spellcasting reached!
Your Spellcasting skill increases to level 5!
You need to enable at least one skill for training.
You hit the ogre.
The ogre is lightly wounded.
The ogre barely misses you.
You hit the ogre. Lightning courses through the ogre!
The ogre is heavily wounded.
The ogre hits you with a giant club!
You die...

# ### #. ..# #..##.## #..#...##
....... ## #...#####.# ...
#........# #. #O######## #. ###
#@# #. #.. ##'## #. #.# ##...##
. #.#### ##.....## # #.##.##
##.......# #........#
#.#...####...........#........#
#.))....)'.........'.#........#
#.#...####.........#.#........#
#.##.## ##.......##.#........#


You could see an ogre.

Vanquished Creatures
  A sky beast (D:6)
  An ogre (D:4)
  A bullfrog (D:6)
  A scorpion (D:5)
  A howler monkey (D:4)
  A crimson imp (D:6)
  A quasit (D:4)
  A bullfrog zombie (D:5)
  An orc priest (D:6)
  A bullfrog skeleton (D:5)
  4 orc wizards
  3 worker ants
  3 gnolls (D:3)
  6 adders
  An ooze (D:2)
  An adder zombie (D:5)
  An adder skeleton (D:4)
  5 worms
  2 dart slugs (D:2)
  5 leopard geckos
  8 orcs
  5 giant cockroaches
  6 goblins
  4 hobgoblins
  4 jackals (D:1)
  2 quokkas
  A ball python (D:3)
  8 bats
  7 frilled lizards
  9 kobolds
  A quokka skeleton (D:6)
  6 rats
102 creatures vanquished.

Notes
Turn   | Place    | Note
-------+----------+-------------------------------------------
     0 | D:1      | tilp the Draconian Conjurer began the quest for the Orb.
     0 | D:1      | Reached XP level 1. HP: 14/14 MP: 3/3
   604 | D:1      | Reached XP level 2. HP: 20/20 MP: 5/5
   782 | D:1      | Learned a level 2 spell: Searing Ray
  1581 | D:2      | Reached skill level 5 in Conjurations
  1588 | D:2      | Reached XP level 3. HP: 25/26 MP: 4/6
  2181 | D:2      | Reached XP level 4. HP: 31/33 MP: 7/7
  2190 | D:2      | Learned a level 4 spell: Iskenderun's Mystic Blast
  2521 | D:3      | Noticed braks's ghost (weakling CeEn)
  2615 | D:3      | HP: 1/33 [braks's ghost (9)]
  3597 | D:3      | Reached skill level 6 in Conjurations
  4057 | D:4      | Reached XP level 5. HP: 38/38 MP: 3/8
  4408 | D:4      | Noticed an ogre
  4429 | D:4      | Killed an ogre
  4429 | D:4      | Reached skill level 7 in Conjurations
  4429 | D:4      | Reached XP level 6. HP: 21/45 MP: 3/9
  5601 | D:5      | Entered Level 5 of the Dungeon
  5897 | D:5      | Learned a level 4 spell: Fulminant Prism
  5960 | D:5      | Reached skill level 8 in Conjurations
  5960 | D:5      | Your scales start taking on a fiery red colour.
  5960 | D:5      | Reached XP level 7. HP: 50/50 MP: 7/12
  5960 | D:5      | Gained mutation: Your flesh is heat resistant. (rF+) [Red Draconian growth]
  7093 | D:6      | Reached skill level 5 in Spellcasting
  7096 | D:6      | Slain by an ogre

Vault maps used:
D:1:      minmay_arrival_floating_metal, due_unseen_surprise
D:2:      minmay_pentomino_r4
D:3:      minmay_crystal_room
D:4:      dk_noncrumbling_2, corexii_shack, st_stairs_3
D:5:      first_ration
D:6:      minivault_25

Skill      XL: |  1  2  3  4  5  6  7 |
---------------+----------------------+-----
Conjurations   | 5 6 7 8 |  8.0
Spellcasting   | 3 5 |  5.3
Dodging        | |  1.7
Stealth        | |  1.7

Action                   |  1- 3 |  4- 6 |  7- 9 || total
-------------------------+-------+-------+-------++-------
Melee: Short sword       |    45 |       |       ||    45
       Tailslap          |    17 |     9 |    11 ||    37
       Dagger            |    97 |   100 |    66 ||   263
Throw: Stone             |       |     5 |       ||     5
 Cast: Magic Dart        |    12 |     2 |     1 ||    15
       Searing Ray       |       |    22 |     5 ||    27
 Abil: Breathe Fire      |       |       |     1 ||     1
Evoke: Wand              |       |     1 |       ||     1
  Use: Scroll            |       |     7 |       ||     7
 Stab: Sleeping          |     4 |     2 |     1 ||     7
  Eat: Chunk             |     4 |    14 |    11 ||    29
       Ration            |       |     1 |       ||     1
Armor: Skin              |    37 |    63 |    23 ||   123
Dodge: Dodged            |   102 |    75 |    42 ||   219

Table legend:
 A = Spawn XP
 B = Non-spawn XP
 C = Spawn XP percentage of total XP
 D = Spawn monster count
 E = Non-spawn monster count
 F = Spawn count percentage of total count
 G = Total turns spent on level
                    A         B        C        D         E        F      G
               +---------+---------+-------+---------+---------+-------+---------
         Total |       0 |    1245 |   0.0 |       0 |     102 |   0.0 |  7096
               +---------+---------+-------+---------+---------+-------+---------
           D:1 |       0 |      25 |   0.0 |       0 |      15 |   0.0 |  1453
           D:2 |       0 |      77 |   0.0 |       0 |      32 |   0.0 |  1828
           D:3 |       0 |      90 |   0.0 |       0 |      14 |   0.0 |   912
           D:4 |       0 |     420 |   0.0 |       0 |      18 |   0.0 |  1408
           D:5 |       0 |     308 |   0.0 |       0 |      14 |   0.0 |  1231
           D:6 |       0 |     325 |   0.0 |       0 |       9 |   0.0 |   264
               +---------+---------+-------+---------+---------+-------+---------
